 Dungeon Crawl Stone Soup version 0.30-a0-457-g4b7bca3bfa (webtiles) character file.

Game seed: 10022075874807751435

37 dohliylev the Ruffian (level 3, 0/36 HPs)
             Began as a Troll Berserker on Dec 12, 2022.
             Was a Believer of Trog.
             Slain by a goblin
             ... wielding a +0 club
             ... led by Robin
              (6 damage)
             ... on level 2 of the Dungeon.
             The game lasted 00:02:10 (777 turns).

dohliylev the Ruffian (Troll Berserker)              Turns: 777, Time: 00:02:11

Health: 0/36       AC:  4    Str: 27    XL:     3   Next: 23%
Magic:  2/2        EV: 10    Int:  3    God:    Trog [**....]
Gold:   51         SH:  0    Dex:  9    Spells: 2/2 levels left

rFire   . . .      SeeInvis .      - Unarmed
rCold   . . .      Faith    .    (no shield)
rNeg    . . .      Spirit   .    a - +0 animal skin
rPois   .          Reflect  .    (helmet restricted)
rElec   .          Harm     .    (no cloak)
rCorr   .          Rampage  .    (gloves unavailable)
Will    .....                    (boots unavailable)
Stlth   +.........               (no amulet)
HPRegen 1.06/turn                (no ring)
MPRegen 0.08/turn                (no ring)

@: on berserk cooldown, slowed, very slow
A: large, unfitting armour, claws 3, regeneration 1, shaggy fur 1, tough skin 1
a: Renounce Religion, Berserk, Trog's Hand


You were on level 2 of the Dungeon.
You worshipped Trog.
Trog was pleased with you.
You visited 1 branch of the dungeon, and saw 2 of its levels.

You collected 51 gold pieces.

Inventory:

Armour
 a - a +0 animal skin (worn)
Scrolls
 c - 2 scrolls of immolation {unknown}
 d - a scroll of blinking {unknown}
 e - a scroll of enchant armour {unknown}
 f - a scroll of magic mapping {unknown}
 g - a scroll of identify {unknown}
Potions
 b - 2 potions of haste {unknown}
 h - a potion of attraction {unknown}


   Skills:
 + Level 2.8 Fighting
 + Level 2.9 Dodging
 + Level 3.5 Unarmed Combat


You had 2 spell levels left.
You didn't know any spells.
Your spell library was empty.

Dungeon Overview and Level Annotations

Branches:
Dungeon (2/15)

Altars:

Annotations:
D:2 Robin


Innate Abilities, Weirdness & Mutations

You are too large for most types of armour.
You have claws for hands.
Your natural rate of healing is unusually fast.
You are covered in fur. (AC +1)
You have tough skin. (AC +1)


Message History

You kill the quokka!
Trog accepts your kill.
You are no longer berserk.
You are exhausted.
You feel yourself slow down. The bat hits you but does no damage.
The jackal bites you but does no damage. x2
The jackal barely misses you. The goblin hits you but does no damage.
Robin roars a battlecry!
The goblins go into a battle-frenzy!
The goblin closely misses you. The goblin hits you with a +0 dagger.
The goblin closely misses you.
You scratch the goblin.
You kill the goblin!
Trog accepts your kill. The bat barely misses you.
The jackal barely misses you. The jackal closely misses you.
The jackal bites you but does no damage. x3
Robin throws the goblin at you! The goblin completely misses you.
The goblin barely misses you. The goblin hits you with a +0 club.
The jackal barely misses you.
You closely miss the jackal. The bat hits you. The jackal bites you.
The jackal closely misses you. The bat closely misses you.
The jackal bites you. The goblin hits you with a +0 club.
* * * LOW HITPOINT WARNING * * *
The goblin misses you. The goblin barely misses you.
The jackal bites you but does no damage.
The jackal closely misses you.
The jackal bites you but does no damage.
You closely miss the jackal.
The jackal bites you but does no damage.
The jackal closely misses you. The goblin misses you.
The jackal closely misses you. The bat closely misses you.
The goblin hits you with a +0 club.
* * * LOW HITPOINT WARNING * * *
The goblin hits you with a +0 club.
* * * LOW HITPOINT WARNING * * *
The jackal closely misses you. The jackal completely misses you.
The goblin hits you but does no damage. The bat hits you but does no damage.
The goblin hits you with a +0 club.
You die...

[..
##.......###########
#...............§...
#.$.........).......
#...........<.......
#............†......
#...................
.#.....gg)...........
.......h@bg.........#
.......hhg.^.........
.#......l..##.....[.#
#.........##.......#
#.........#
#.#...[.#.# ..
#######.. # ... ...


You could see Robin, 3 jackals, 3 goblins, a bat and a frilled lizard.

Vanquished Creatures
  An endoplasm (D:1)
  6 goblins
  3 hobgoblins
  6 jackals (D:1)
  3 kobolds (D:1)
  A quokka (D:2)
  4 ball pythons
  2 bats (D:1)
  5 frilled lizards
  2 rats (D:1)
33 creatures vanquished.

Notes
Turn   | Place    | Note
-------+----------+-------------------------------------------
     0 | D:1      | dohliylev the Troll Berserker began the quest for the Orb.
     0 | D:1      | Reached XP level 1. HP: 22/22 MP: 0/0
   137 | D:1      | Reached XP level 2. HP: 29/29 MP: 1/1
   754 | D:2      | Noticed Robin
   762 | D:2      | Reached XP level 3. HP: 36/36 MP: 2/2
   763 | D:2      | Reached ** piety under Trog
   777 | D:2      | Slain by a goblin

Illustrated notes

Levels and vault maps discovered:
D:1:      enne_arrival_octagon_isle, layout_basic
D:2:      layout_rooms, chequers_serial_rivers_small_3, uniq_robin, uniq_jessica

Action                   || total
-------------------------++-------
Melee: Unarmed           ||    71
       Punch             ||     1
Invok: Berserk           ||     1
Armor: Animal skin       ||    58
Dodge: Dodged            ||   107

Table legend: (Time is in decaauts)
 A = Elapsed time spent in this place.
 B = Non-inter-level travel time spent in this place.
 C = Inter-level travel time spent in this place.
 D = Time resting spent in this place.
 E = Time spent auto-exploring this place.
 F = Levels seen in this place.
 G = Mean time per level.
                   A        B        C        D        E       F      G
               +--------+--------+--------+--------+--------+-----+--------+
         Total |    768 |    762 |      6 |      0 |    585 |   2 |  384.0 |
       Dungeon |    768 |    762 |      6 |      0 |    585 |   2 |  384.0 |
               +--------+--------+--------+--------+--------+-----+--------+

Top non-repeatable levels by time:
     D:1: 751 daAuts
     D:2: 17 daAuts
